 Dungeon Crawl Stone Soup version 0.17-a0-2220-g6fea741 (webtiles) character file.

2811 septik the Stickfighter (level 9, -4/68 HPs)
             Began as a Minotaur Gladiator on Oct 28, 2015.
             Was a Follower of Okawaru.
             Slain by an orc warrior
             ... wielding a +0 trident of protection
              (14 damage)
             ... on level 7 of the Dungeon.
             The game lasted 00:12:38 (7072 turns).

septik the Stickfighter (Minotaur Gladiator)        Turns: 7072, Time: 00:12:38

Health: -4/68      AC:  9    Str: 20    XL:     9   Next: 44%
Magic:  8/8        EV:  8    Int: 10    God:    Okawaru [*.....]
Gold:   310        SH:  0    Dex: 14    Spells: 0 memorised, 8 levels left

rFire  . . .     SeeInvis .     a - +0 quarterstaff
rCold  . . .     Clarity  .     q - +0 chain mail
rNeg   + . .     SustAt   .     (no shield)
rPois  .         Gourm    .     c - +0 hat
rElec  .         Spirit   .     (no cloak)
rCorr  .         Warding  .     d - +0 pair of gloves
rMut   .         Stasis   .     (no boots)
MR     .....                    (no amulet)
Stlth  ..........               G - +5 ring of intelligence
                                o - ring of positive energy

@: not resistant to hostile enchantments, extremely unstealthy
A: retaliatory headbutt, horns 2
a: Heroism, Renounce Religion


You were on level 7 of the Dungeon.
You worshipped Okawaru.
Okawaru was aware of your devotion.
You were not hungry.

You visited 2 branches of the dungeon, and saw 8 of its levels.

You collected 310 gold pieces.

Inventory:

Hand Weapons
 a - a +0 quarterstaff (weapon)
Missiles
 b - 188 stones
 H - 2 throwing nets (quivered)
Armour
 c - a +0 hat (worn)
 d - a +0 pair of gloves (worn)
 q - a +0 chain mail (worn)
Magical Staves
 y - an uncursed staff of poison
Jewellery
 o - a ring of positive energy (left hand)
 G - a +5 ring of intelligence (right hand)
Scrolls
 g - a scroll of enchant weapon {unknown}
 i - 7 scrolls of remove curse {unknown}
 j - a scroll of brand weapon {unknown}
 k - 8 scrolls of identify {unknown}
 m - a scroll of blinking {unknown}
 p - 3 scrolls of teleportation {unknown}
 r - 3 scrolls of recharging {unknown}
 v - 2 scrolls of fog {unknown}
 x - a scroll of amnesia {unknown}
 E - a scroll of immolation {unknown}
Potions
 h - a potion of flight {unknown}
 l - 2 potions of might {unknown}
 s - 5 potions of curing {unknown}
 t - a potion of resistance {unknown}
 w - a potion of poison {unknown}
 z - a potion of degeneration {unknown}
 A - a potion of beneficial mutation {unknown}
 C - 3 potions of heal wounds {unknown}
 D - 2 potions of brilliance {unknown}
Books
 F - a book of the Earth

   Spells                             Type                      Level
   a - Leda's Liquefaction            Hexes/Earth                  4
   b - Bolt of Magma                  Conjuration/Fire/Earth       5
   c - Statue Form                    Transmutation/Earth          6
   d - Iron Shot                      Conjuration/Earth            6
   e - Shatter                        Earth                        9
Comestibles
 e - 4 bread rations
 f - 2 fruits
 n - 5 meat rations
 u - 3 beef jerkies
 B - a slice of pizza


   Skills:
 - Level 2.4 Fighting
 + Level 15.0 Staves
 - Level 2.0 Throwing
 - Level 3.2 Dodging


You had 8 spell levels left.
You didn't know any spells.

Dungeon Overview and Level Annotations

Branches:
Dungeon (7/15)             Temple (1/1) D:5

Altars:
Ashenzari
Dithmenos
Elyvilon
Fedhas
Nemelex Xobeh
Okawaru
Qazlal
Ru
Sif Muna
Trog
Vehumet
Xom
Yredelemnul
Zin


Innate Abilities, Weirdness & Mutations

You reflexively headbutt those who attack you in melee.
You have a pair of horns on your head.


Message History

The orc hits you.
The orc warrior hits you with a trident of protection!
You hit the orc warrior. Your headbutt misses the orc warrior.
The orc warrior is heavily wounded.
The orc hits you but does no damage.
The crimson imp shouts, "Away with thee, thou worthless two-tin-hat cretin!"
The crimson imp blinks!
You closely miss the orc warrior.
The orc warrior is heavily wounded.
The orc hits you but does no damage.
The orc warrior hits you with a trident of protection!!
* * * LOW HITPOINT WARNING * * *
The crimson imp shouts, "Get thee gone, thou errant unchin-snouted flirt-gill!"
A sky beast appears from thin air!
Reactivating autopickup.
The phantom blinks!
Unknown command.
The orc barely misses you.
The orc warrior hits you from afar with a trident of protection!
You die...

... ...# #.# #..# #.#
#.[# #### #.# #..#
....##.#####..#########
.......................
##.##..####.##.#.###.#
#.#.##o##..# #.##.#.#
#.# ....§§Yoo@.#
#.##.#.# #.#
....##.##..# #.##.#.#
#<. . #. #..# ####.#.#
### .. ...# #.#.# ##.
##5# #.#.# .§ ..# #.#
#. .# #. .#


You could see an orc warrior, a sky beast, a crimson imp and 2 orcs.

Vanquished Creatures
  Prince Ribbit (D:6)
  Sigmund (D:4)
  A water moccasin (D:6)
  An ice beast (D:5)
  6 ogres
  3 necrophages (D:6)
  2 centaurs
  4 giant frogs
  A wyvern zombie (D:6)
  A wyvern skeleton (D:6)
  A water moccasin skeleton (D:5)
  A scorpion (D:4)
  A crimson imp (D:5)
  An orc priest (D:4)
  A giant frog zombie (D:5)
  A centaur zombie (D:6)
  6 hounds
  A centaur skeleton (D:4)
  6 orc wizards
  A killer bee zombie (D:6)
  6 worker ants
  A hound skeleton (D:3)
  A hound zombie (D:6)
  A worker ant zombie (D:6)
  10 adders
  4 gnolls
  An ooze (D:7)
  2 worms
  A giant gecko (D:3)
  18 orcs
  4 ball pythons
  4 giant cockroaches
  9 goblins
  8 hobgoblins
  7 bats
  3 giant newts
  10 kobolds
  A quokka skeleton (D:3)
  A quokka zombie (D:5)
  8 rats
141 creatures vanquished.

Vanquished Creatures (others)
  7 bushes (D:6)
  13 plants (D:6)
20 creatures vanquished.

Grand Total: 161 creatures vanquished

Notes
Turn   | Place    | Note
--------------------------------------------------------------
     0 | D:1      | septik the Minotaur Gladiator began the quest for the Orb.
     0 | D:1      | Reached XP level 1. HP: 18/18 MP: 0/0
    17 | D:1      | Reached skill level 4 in Staves
   146 | D:1      | Reached XP level 2. HP: 23/25 MP: 1/1
   501 | D:1      | Reached skill level 5 in Staves
   692 | D:2      | Reached XP level 3. HP: 27/30 MP: 2/2
  1021 | D:2      | Reached skill level 6 in Staves
  1021 | D:2      | Reached XP level 4. HP: 35/37 MP: 3/3
  1207 | D:2      | Found a faded altar to an unknown god.
  2295 | D:3      | Found a bloodstained altar of Trog.
  2344 | D:3      | Reached XP level 5. HP: 42/42 MP: 4/4
  2450 | D:3      | Found a glowing silver altar of Zin.
  2482 | D:3      | Reached skill level 7 in Staves
  2576 | D:4      | Noticed an ogre
  2593 | D:3      | Killed an ogre
  2593 | D:3      | Reached skill level 8 in Staves
  2815 | D:4      | Reached XP level 6. HP: 41/50 MP: 5/5
  3109 | D:4      | Noticed an ogre
  3118 | D:4      | Killed an ogre
  3118 | D:4      | Reached skill level 9 in Staves
  3383 | D:4      | Noticed an ogre
  3387 | D:4      | Killed an ogre
  3387 | D:4      | Reached XP level 7. HP: 44/56 MP: 6/6
  3460 | D:4      | Reached skill level 10 in Staves
  4072 | D:4      | Noticed Sigmund
  4083 | D:4      | Killed Sigmund
  4083 | D:4      | Reached skill level 11 in Staves
  4265 | D:4      | Reached XP level 8. HP: 54/62 MP: 7/7
  4519 | D:5      | Entered Level 5 of the Dungeon
  4713 | D:5      | Found a sparkling altar of Nemelex Xobeh.
  4982 | D:5      | Found a sacrificial altar of Ru.
  4987 | D:5      | Reached skill level 12 in Staves
  4997 | D:5      | Found a deep blue altar of Sif Muna.
  5002 | D:5      | Found a shimmering altar of Xom.
  5494 | D:5      | Found a staircase to the Ecumenical Temple.
  5512 | Temple   | Entered the Ecumenical Temple
  5606 | Temple   | Became a worshipper of Warmaster Okawaru
  5656 | D:5      | Reached skill level 13 in Staves
  6329 | D:6      | Found a shadowy altar of Dithmenos.
  6336 | D:6      | Reached XP level 9. HP: 57/68 MP: 8/8
  6520 | D:6      | Noticed Prince Ribbit
  6528 | D:6      | Killed Prince Ribbit
  6528 | D:6      | Reached skill level 14 in Staves
  6642 | D:6      | Found a blossoming altar of Fedhas.
  6657 | D:6      | Reached * piety under Okawaru
  7049 | D:7      | Reached skill level 15 in Staves
  7072 | D:7      | Slain by an orc warrior

Vault maps used:
D:1:      dpeg_arrival_orchard
D:2:      ecumenical_altar_2
D:3:      zin_treasury, overflow_temple_1_default
D:4:      first_bread, st_stairs_10, uniq_sigmund
D:5:      minmay_overflow_temple_star_quad, nemelex_xobeh_ov_fountains_minmay,
          temple_green
D:6:      fedhas_altar_decomposition, nicolae_dithmenos_shadow_blocks,
          uniq_prince_ribbit1
D:7:      lemuel_zombie_altar_kikubaaqudgha, lemuel_crystal_altar, serial_shops,
          shop, uniq_crazy_yiuf_cottage
Temple:   circular_temple_6

Action                   |  1- 3 |  4- 6 |  7- 9 || total
-------------------------+-------+-------+-------++-------
Melee: Quarterstaff      |    58 |    98 |   273 ||   429
       Staff             |       |       |    24 ||    24
Throw: Throwing net      |       |     1 |     3 ||     4
  Eat: Chunk             |       |     8 |    11 ||    19
